 Dungeon Crawl Stone Soup version 0.29.0-4-gdea44cf6ec (webtiles) character file.

Game seed: 10975466717674242117

1 Sasquatch13 the Grave Robber (level 1, -5/17 HPs)
             Began as a Gnoll Wanderer on Aug 26, 2022.
             Succumbed to their own poison gas
             ... on level 1 of the Dungeon.
             The game lasted 00:03:53 (89 turns).

Sasquatch13 the Grave Robber (Gnoll Wanderer)         Turns: 89, Time: 00:03:54

Health: -5/17      AC:  2    Str: 10    XL:     1   Next: 20%
Magic:  4/4        EV: 11    Int: 14    God:
Gold:   0          SH:  4    Dex:  9    Spells: 5/5 levels left

rFire   . . .      SeeInvis .   a - +0 club
rCold   . . .      Faith    .   d - +0 buckler
rNeg    . . .      Spirit   .   c - +0 robe
rPois   .          Reflect  .   (no helmet)
rElec   .          Harm     .   (no cloak)
rCorr   .          Rampage  .   (no gloves)
Will    .....                   (no boots)
Stlth   +.........              (no amulet)
HPRegen 0.05/turn               (no ring)
MPRegen 0.09/turn               (no ring)

@: lethally poisoned (-5 -> -32)
A: fangs 1, strong nose, distributed training
a: no special abilities


You were on level 1 of the Dungeon.
You visited 1 branch of the dungeon, and saw 1 of its levels.

Inventory:

Hand Weapons
 a - a +0 club (weapon)
Armour
 c - a +0 robe (worn)
 d - a +0 buckler (worn)
Scrolls
 b - a scroll of blinking


   Skills:
 + Level 2.3 Fighting
 + Level 0.0 Short Blades
 + Level 0.0 Long Blades
 + Level 0.0 Axes
 + Level 0.0 Maces & Flails
 + Level 0.0 Polearms
 + Level 0.0 Staves
 + Level 0.0 Ranged Weapons
 + Level 0.0 Throwing
 + Level 0.0 Armour
 + Level 2.3 Dodging
 + Level 0.0 Stealth
 + Level 4.4 Shields
 + Level 0.0 Unarmed Combat
 + Level 2.6 Spellcasting
 + Level 0.0 Conjurations
 + Level 0.0 Hexes
 + Level 0.0 Summonings
 + Level 7.0 Necromancy
 + Level 0.0 Translocations
 + Level 0.0 Transmutations
 + Level 0.0 Fire Magic
 + Level 0.0 Ice Magic
 + Level 0.0 Air Magic
 + Level 0.0 Earth Magic
 + Level 1.9 Poison Magic
 + Level 0.0 Invocations
 + Level 0.0 Evocations


You had 5 spell levels left.
You didn't know any spells.
Your spell library contained the following spells:

 Spells                   Type           Power      Damage    Failure   Level
 Necrotise                Necr           84%        1d8       1%          1
 Sublimation of Blood     Necr           21%        N/A       2%          2
 Sting                    Tmut/Pois      16%        1d3       19%         1
 Spider Form              Tmut/Pois      4%         N/A       50%         3
 Corpse Rot               Necr/Pois/Air  10%        N/A       63%         4


Dungeon Overview and Level Annotations

Branches:
Dungeon (1/15)

Altars:


Innate Abilities, Weirdness & Mutations

You have very sharp teeth.
Your uncanny sense of smell can sniff out nearby items.
Your experience applies equally to all skills.


Message History

You see here 6 stones.
You see here 6 stones.
A quokka comes into view.
A quokka is nearby!
You see here 6 stones.
Unknown command.
The air fills with toxic fumes!
As you read the scroll labelled KOWNOU OCLITHI, it crumbles to dust.
It was a scroll of poison.
Really walk into that cloud of poison gas? [Y]es or [N]o only, please.
Really walk into that cloud of poison gas?
Okay, then.
Okay, then.
You aren't carrying any potions.
Unknown command.
Okay, then.
Unknown command.
A quokka is nearby!
A quokka is nearby!
Sorry, you're not good enough to have a special ability.
Okay, then.
Really walk into that cloud of poison gas?
Uppercase [Y]es or [N]o only, please.
Really walk into that cloud of poison gas?
You are engulfed in poison gas.
You are lethally poisoned!
You feel very sick.
You feel very sick.
Really walk into that cloud of poison gas?
Uppercase [Y]es or [N]o only, please.
Really walk into that cloud of poison gas?
Okay, then.
There is a lethal amount of poison in your body!
Really walk into that cloud of poison gas?
You are engulfed in poison gas.
You are more poisoned.
Ouch! That really hurt!
* * * LOW HITPOINT WARNING * * *
You die...

.'..............# ...#
.#.....)........####...#
.#........§.....#§§....#
.#.♣#...#.§§#####§§...
##.♣#...#.§§§§§§§§§.
#♣.♣#...#.§§§§§§§r#
..♣#...#.§§§§§§§§#
..##...#.§§§§§§§§#
#...#.§§§§§§@.#
#####§##### #.# #.# #..
###


You could see a quokka.

Vanquished Creatures
  A kobold (D:1)
1 creature vanquished.

Notes
Turn   | Place    | Note
-------+----------+-------------------------------------------
     0 | D:1      | Sasquatch13 the Gnoll Wanderer began the quest for the Orb.
     0 | D:1      | Sasquatch13 set off with the following items: a +0 club, a
                  | scroll of blinking, a +0 robe, a +0 buckler; and the
                  | following spells available to memorise: Necrotise,
                  | Sublimation of Blood, Sting, Spider Form, Corpse Rot.
     0 | D:1      | Reached XP level 1. HP: 17/17 MP: 4/4
    89 | D:1      | Succumbed to their own poison gas

Illustrated notes

Levels and vault maps discovered:
D:1:      sevenhm_arrival_forest_fort_large_3, layout_basic,
          basic_ecumenical_altar

Action                   || total
-------------------------++-------
Melee: Club              ||     3
  Use: Scroll            ||     1
Dodge: Dodged            ||     1
Block: Buckler           ||     1
